 Dungeon Crawl Stone Soup version 0.16.1-51-g6203257 (webtiles) character file.

2503 Jinxed the Nimble (level 9, -4/50 HPs)
             Began as a Spriggan Assassin on Aug 8, 2015.
             Was a Follower of Dithmenos.
             Slain by Menkaure (23 damage)
             ... on level 7 of the Dungeon.
             The game lasted 00:27:59 (10541 turns).

Jinxed the Nimble (Spriggan Assassin)              Turns: 10541, Time: 00:27:59

Health: -4/50      AC:  3    Str:  7    XL:     9   Next: 28%
Magic:  18/18      EV: 29    Int: 13    God:    Dithmenos [*.....]
Gold:   364        SH:  0    Dex: 20    Spells: 0 memorised, 8 levels left

rFire  . . .     SeeInvis +     a - +2 dagger (venom)
rCold  . . .     Clarity  .     c - +0 robe
rNeg   . . .     SustAb   .     (shield restricted)
rPois  +         Gourm    .     (helmet restricted)
rElec  .         Spirit   .     d - +0 cloak
rCorr  .         Warding  .     (gloves unavailable)
rMut   .         Stasis   +     (boots unavailable)
MR     ++...                    P - amulet of stasis
Stlth  ++++++....               m - ring of poison resistance
                                t - ring of protection from magic

@: wreathed by umbra, very quick, very resistant to hostile enchantments, very
stealthy
A: unfitting armour, see invisible, herbivore 3, speed 3, slow metabolism 2
a: Renounce Religion


You were on level 7 of the Dungeon.
You worshipped Dithmenos.
Dithmenos was aware of your devotion.
You were not hungry.

You visited 2 branches of the dungeon, and saw 8 of its levels.

You collected 364 gold pieces.

Inventory:

Hand weapons
 a - a +2 dagger of venom (weapon)
 b - a +0 blowgun
Missiles
 H - 39 poisoned needles
Armour
 c - a +0 robe (worn)
 d - a +0 cloak (worn)
Jewellery
 m - a ring of poison resistance (right hand)
 t - a ring of protection from magic (left hand)
 P - an amulet of stasis (around neck)
 Q - an uncursed amulet of clarity {unknown}
Magical devices
 e - a wand of random effects (21)
 A - a wand of lightning (10)
 D - a wand of flame (27)
 F - a wand of cold (0)
 I - a wand of confusion (18)
 O - a wand of slowing (24)
Scrolls
 i - 2 scrolls of random uselessness {unknown}
 n - a scroll of magic mapping {unknown}
 q - a scroll of amnesia {unknown}
 s - 2 scrolls of immolation {unknown}
 v - 2 scrolls of fog {unknown}
 w - 2 scrolls of recharging {unknown}
 y - 2 scrolls of blinking {unknown}
 B - 4 scrolls of remove curse {unknown}
 E - 3 scrolls of noise {unknown}
 K - 2 scrolls of enchant armour {unknown}
 L - a scroll of enchant weapon {unknown}
 N - a scroll of teleportation {unknown}
Potions
 h - 6 potions of curing
 j - 2 potions of restore abilities {unknown}
 l - 2 potions of might {unknown}
 o - a potion of flight {unknown}
 p - 2 potions of haste {unknown}
 r - a potion of beneficial mutation {unknown}
 u - a potion of invisibility {unknown}
 x - 2 potions of mutation {unknown}
 z - 3 potions of resistance {unknown}
 C - a potion of poison {unknown}
 G - a potion of heal wounds {unknown}
 J - a potion of cancellation {unknown}
 R - a potion of agility {unknown}
Comestibles
 g - 6 bread rations


   Skills:
 - Level 7.1 Fighting
 - Level 2.1 Short Blades
 - Level 2.1 Throwing
 + Level 10.9 Dodging
 - Level 10.2 Stealth


You had 8 spell levels left.
You didn't know any spells.

Dungeon Overview and Level Annotations

Branches:
Dungeon (7/15)             Temple (1/1) D:5

Altars:
Ashenzari
Cheibriados
Dithmenos
Elyvilon
Fedhas
Kikubaaqudgha
Nemelex Xobeh
Okawaru
Qazlal
Ru
Sif Muna
Trog
Vehumet
Xom
Yredelemnul
The Shining One

Annotations:
D:7 Menkaure


Innate Abilities, Weirdness & Mutations

You are tiny and cannot use many weapons and most armour.
You have supernaturally acute eyesight.
You are a herbivore.
You cover ground extremely quickly.
You need consume almost no food.


Message History

Menkaure is severely damaged.
Menkaure closely misses you.
You hit Menkaure but do no damage.
Menkaure is severely damaged.
Menkaure calls on the powers of darkness!
Your body is wracked with pain!
You hit Menkaure but do no damage.
Menkaure is severely damaged.
Menkaure hits you.
You barely miss Menkaure.
Menkaure is severely damaged.
Menkaure casts a spell at you. You resist with almost no effort.
You hit Menkaure.
Menkaure is almost destroyed.
Menkaure completely misses you.
You hit Menkaure.
Menkaure is almost destroyed.
Menkaure hits you!!
You die...

#....# #....# #....## ###
#######.....######..
##.......#.#......#..
...#....................
...#..........##......#.
........M............:...
...#.@.....##...###<#.
#+##.##.#..#####.........
#.....#.#.....##...######
#####.....#.#.###.########.>.
#.........'..................
#.........#####..............
#.........### #..............
#...........# #...........###
#.....#.....# #...........##.


You could see Menkaure.

Vanquished Creatures
  The ghost of ishipenkov the Covert, an experienced SpEn (D:6)
  A yak (D:7)
  A human (D:7)
  A hungry ghost (D:7)
  A water moccasin (D:4)
  Edmund (D:4)
  An orc warrior (D:6)
  A sky beast (D:4)
  2 ogres (D:5)
  Sigmund (D:4)
  A giant frog (D:7)
  A scorpion (D:3)
  3 goliath beetles
  2 crimson imps
  A centaur zombie (D:7)
  An iguana (D:6)
  2 orc priests
  4 hounds
  7 worker ants
  An orc wizard (D:5)
  3 sheep (D:7)
  A worker ant zombie (D:5)
  4 gnolls
  13 adders
  2 shadow imps
  2 giant mites
  8 worms
  An adder zombie (D:5)
  3 giant geckos
  15 orcs
  2 ball pythons
  13 bats
  A bat zombie (D:5)
  13 goblins
  14 hobgoblins
  5 jackals
  11 kobolds
  4 quokkas
  6 giant cockroaches
  A giant gecko skeleton (D:4)
  3 giant newts
  5 rats
164 creatures vanquished.

Notes
Turn   | Place    | Note
--------------------------------------------------------------
     0 | D:1      | Jinxed, the Spriggan Assassin, began the quest for the Orb.
     0 | D:1      | Reached XP level 1. HP: 10/10 MP: 2/2
    26 | D:1      | Reached skill level 6 in Stealth
   258 | D:1      | Reached XP level 2. HP: 14/14 MP: 4/4
   449 | D:1      | Reached skill level 7 in Stealth
   724 | D:2      | Reached XP level 3. HP: 18/18 MP: 6/6
   933 | D:2      | Reached skill level 8 in Stealth
   934 | D:2      | Found a stormy altar of Qazlal.
   949 | D:2      | You fall through a shaft!
  1007 | D:3      | Noticed a scorpion
  1020 | D:3      | Killed a scorpion
  1020 | D:3      | Reached skill level 9 in Stealth
  1020 | D:3      | Reached XP level 4. HP: 13/22 MP: 8/8
  1054 | D:3      | Found a sparkling altar of Nemelex Xobeh.
  1550 | D:2      | Found a stormy altar of Qazlal.
  1555 | D:2      | Noticed a water elemental
  1558 | D:2      | Noticed an earth elemental
  1561 | D:2      | Noticed an air elemental
  1561 | D:2      | Noticed a fire elemental
  1665 | D:2      | Reached XP level 5. HP: 25/25 MP: 10/10
  1880 | D:2      | Reached skill level 10 in Stealth
  2195 | D:3      | HP: 1/26 [poisoned by an adder]
  2436 | D:3      | Reached XP level 6. HP: 10/32 MP: 12/12
  2670 | D:3      | Found a glowing golden altar of the Shining One.
  2870 | D:4      | Noticed Sigmund
  2877 | D:4      | Found a radiant altar of Vehumet.
  2989 | D:4      | Noticed a water moccasin
  3386 | D:4      | Killed a water moccasin
  3620 | D:4      | Noticed Edmund
  3626 | D:4      | Killed Sigmund
  3630 | D:4      | Reached XP level 7. HP: 34/38 MP: 14/14
  3670 | D:4      | Killed Edmund
  3721 | D:4      | Reached skill level 5 in Fighting
  4649 | D:5      | Entered Level 5 of the Dungeon
  5617 | D:5      | Reached XP level 8. HP: 14/45 MP: 16/16
  6906 | D:5      | HP: 1/46 [acid (14)]
  7413 | D:5      | Found a staircase to the Ecumenical Temple.
  7423 | Temple   | Entered the Ecumenical Temple
  7570 | Temple   | Became a worshipper of Dithmenos the Shadowed
  8581 | D:6      | Noticed ishipenkov's ghost (experienced SpEn)
  8665 | D:6      | Killed ishipenkov's ghost
  9213 | D:6      | Found a sacrificial altar of Ru.
  9600 | D:7      | Reached XP level 9. HP: 23/50 MP: 18/18
 10090 | D:7      | Reached skill level 10 in Dodging
 10111 | D:7      | Noticed Menkaure
 10541 | D:7      | Slain by Menkaure

Action                   |  1- 3 |  4- 6 |  7- 9 || total
-------------------------+-------+-------+-------++-------
Melee: Dagger            |    71 |   157 |   719 ||   947
       Falchion          |       |       |     8 ||     8
 Fire: Blowgun           |       |       |    42 ||    42
Evoke: Wand              |       |     2 |     1 ||     3
  Use: Potion            |       |     2 |       ||     2
       Scroll            |       |       |     6 ||     6
 Stab: Sleeping          |     8 |    13 |    15 ||    36
       Distracted        |     1 |     1 |       ||     2
  Eat: Pizza             |       |       |     3 ||     3
       Fruit             |       |       |     3 ||     3
       Bread ration      |       |       |     1 ||     1
